 Dungeon Crawl Stone Soup version 0.25.0-8-gfd19cd77bd (webtiles) character file.

Game seed: 9756631725229780374

98 Infinimo the Insei (level 4, -14/28 HPs)
             Began as a Tengu Monk on June 16, 2020.
             Demolished by Crazy Yiuf
             ... wielding a +4 quarterstaff of chaos
              (17 damage)
             ... on level 2 of the Dungeon.
             The game lasted 00:01:52 (2195 turns).

Infinimo the Insei (Tengu Monk)                     Turns: 2195, Time: 00:01:55

Health: -14/28     AC:  9    Str: 12    XL:     4   Next: 71%
Magic:  5/5        EV:  6    Int: 11    God:
Gold:   89         SH:  0    Dex: 16    Spells: 3/3 levels left

rFire    . . .     SeeInvis .     - Unarmed
rCold    . . .     Gourm    .   (no shield)
rNeg     . . .     Faith    .   c - +0 chain mail
rPois    .         Spirit   .   (helmet restricted)
rElec    .         Reflect  .   (no cloak)
rCorr    .         Harm     .   h - +0 pair of gloves
MR       .....                  (boots unavailable)
Stlth    ..........             (no amulet)
HPRegen  0.09/turn              (no ring)
MPRegen  0.09/turn              (no ring)

@: lightly drained
A: beak, talons 3
a: no special abilities


You were on level 2 of the Dungeon.
You were hungry.

You visited 1 branch of the dungeon, and saw 2 of its levels.

You collected 89 gold pieces.

Inventory:

Armour
 c - a +0 chain mail (worn)
 h - a +0 pair of gloves (worn)
Scrolls
 a - 2 scrolls of teleportation
 i - 2 scrolls of enchant armour {unknown}
Potions
 d - a potion of mutation {unknown}
 e - a potion of might {unknown}
 f - 2 potions of heal wounds {unknown}
 g - a potion of cancellation {unknown}
 k - a potion of flight {unknown}
Comestibles
 b - 2 rations


   Skills:
 + Level 3.6(3.3) Fighting
 + Level 4.1(3.8) Dodging
 - Level 2.0(1.7) Stealth
 * Level 4.7(4.4) Unarmed Combat


You had 3 spell levels left.
You didn't know any spells.
Your spell library was empty.

Dungeon Overview and Level Annotations

Branches:
Dungeon (2/15)

Altars:
Xom

Annotations:
D:2 Crazy Yiuf


Innate Abilities, Weirdness & Mutations

You have a beak for a mouth.
You have claws for feet.


Message History

No reachable target in view!
You open the door. You hit Crazy Yiuf. You claw Crazy Yiuf.
You peck Crazy Yiuf, but do no damage. You punch Crazy Yiuf.
Crazy Yiuf is heavily wounded.
Crazy Yiuf hits you with a +4 quarterstaff of chaos!
Crazy Yiuf freezes you.
You hit Crazy Yiuf.
Crazy Yiuf is heavily wounded.
Crazy Yiuf hits you with a +4 quarterstaff of chaos.
You feel drained.
You are too injured to fight recklessly!
You hit Crazy Yiuf. Your kick misses Crazy Yiuf. You peck Crazy Yiuf.
Crazy Yiuf is severely wounded.
Crazy Yiuf says, "Crazy?
Crazy!?
PORCUPINE!"
Crazy Yiuf hits you with a +4 quarterstaff of chaos!
* * * LOW HITPOINT WARNING * * *
You are electrocuted!
Ouch! That really hurt!
You die...

..........#
#########.############
# #................# #
#.################ #
#.# ######### # #.#
#........ # #.# ###
♣♣##.####### # #.#
#)))#♣♣ ♣♣..'..#### #
#.#
#.))g@♣♣♣♣.........#
#####.####
#)))#♣))♣)......##.#
.........# ###
♣♣♣)♣)..+..##.##
.........#
♣♣♣♣♣##..##..#
#####.##.# ##.###.#
####....# ##########
#.# #.#
#.....#.#####........#
#.# #.#
#.###...........######
#.# #.# #.#
#...#####.#.# #.# #.#


You could see Crazy Yiuf.

Vanquished Creatures
  Jessica (D:2)
  Robin (D:2)
  A gnoll (D:1)
  An adder (D:2)
  A dart slug (D:1)
  3 giant cockroaches
  11 goblins
  5 hobgoblins
  4 jackals
  2 kobolds
  2 bats (D:1)
  2 frilled lizards
  8 rats
42 creatures vanquished.

Notes
Turn   | Place    | Note
-------+----------+-------------------------------------------
     0 | D:1      | Infinimo the Tengu Monk began the quest for the Orb.
     0 | D:1      | Reached XP level 1. HP: 14/14 MP: 2/2
   230 | D:1      | Reached XP level 2. HP: 8/19 MP: 3/3
   461 | D:1      | Found a shimmering altar of Xom.
   967 | D:1      | Reached XP level 3. HP: 21/23 MP: 4/4
  1178 | D:2      | Noticed Robin
  1472 | D:2      | Noticed Jessica
  1478 | D:2      | Killed Jessica
  1478 | D:2      | Reached XP level 4. HP: 27/28 MP: 5/5
  1570 | D:2      | Found a runed translucent door.
  1571 | D:2      | Noticed Crazy Yiuf
  1802 | D:2      | Killed Robin
  2195 | D:2      | Demolished by Crazy Yiuf

Illustrated notes

Levels and vault maps discovered:
D:1:      kilobyte_arrival_exit_the_forest, layout_loops_ring,
          nrook_mini_backslash, roderic_serpentine_path, xom_teletrap_fun
D:2:      layout_loops_ring, uniq_jessica, uniq_robin, uniq_crazy_yiuf_cottage

Skill      XL: |  1  2  3  4 |
---------------+-------------+-----
Unarmed Combat | 4 |  4.7
Dodging        | 4 |  4.1
Fighting       | |  3.6
Stealth        | |  2.0

Action                   |  1- 3 |  4- 6 || total
-------------------------+-------+-------++-------
Melee: Unarmed           |    49 |    41 ||    90
       Kick              |     8 |    15 ||    23
       Peck              |     7 |     5 ||    12
       Punch             |     1 |     1 ||     2
  Use: Scroll            |     1 |       ||     1
 Stab: Sleeping          |     6 |       ||     6
  Eat: Chunk             |     2 |     1 ||     3
Armor: Robe              |     7 |       ||     7
       Chain mail        |     5 |    16 ||    21
Dodge: Dodged            |    25 |     8 ||    33
